Map: [ESL] Tropical Sacrifice

Players

herO - Winner!

  • Race: Protoss Protoss
  • Spawn Location: 1:00

Maru

  • Race: Terran Terran
  • Spawn Location: 7:00

Event: DreamHack SC2 Masters 2022 Atlanta (Offline)

VOD

Have the link to the VOD?

Description

Time

  • Played on: Nov. 20, 2022, 3:12 p.m.
  • Length: 7:21

All games in this series

Show
View Real Time Build Order
Export as new Build Order

herO Protoss - Winner!

Build Orders: 1 Gate Expand, Blink Stalkers 

Get SALT Encoding   

  12  0:00  Probe  
  13  0:12  Probe  
  14  0:19  Pylon  
  14  0:24  Probe (Chrono Boost)  
  15  0:37  Probe (Chrono Boost)  
  15  0:39  Gateway  
  16  0:45  Probe (Chrono Boost)  
  16  0:49  Assimilator  
  17  0:51  Probe  
  18  1:03  Probe  
  19  1:15  Probe  
  20  1:26  Cybernetics Core  
  20  1:38  Nexus  
  20  1:45  Pylon  
  20  1:48  Probe  
  21  1:54  Assimilator  
  21  2:00  Probe  
  21  2:01  Adept (Chrono Boost)  
  22  2:07  Warp Gate  
  24  2:12  Probe  
  25  2:21  Adept (Chrono Boost)  
  24  2:24  Probe  
  27  2:31  Twilight Council  
  27  2:36  Probe  
  28  2:43  Adept (Chrono Boost)  
  30  2:48  Probe  
  30  2:51  Probe  
  32  3:01  Probe  
  32  3:03  Probe  
  32  3:05  Blink (Chrono Boost)  
  34  3:06  Stalker (Chrono Boost)  
  36  3:16  Probe x2  
  36  3:28  Probe x2  
  36  3:32  Gateway  
  38  3:36  Robotics Facility  
  38  3:45  Gateway  
  36  3:51  Gateway  
  36  3:58  Stalker  
  36  4:00  Probe x2  
  40  4:12  Probe x2  
  40  4:13  Pylon  
  42  4:20  Warp Prism (Chrono Boost)  
  44  4:27  Stalker  
  46  4:31  Probe x2  
  46  4:37  Stalker  
  50  4:42  Pylon  
  50  4:43  Probe x2  
  52  4:48  Stalker  
  54  4:53  Pylon  
  54  5:00  Observer (Chrono Boost)  
  55  5:10  Stalker x3  
  59  5:15  Stalker  
  59  5:17  Probe x2  
  63  5:22  Assimilator  
  63  5:30  Pylon  
  63  5:34  Stalker x2  
  63  5:35  Stalker  
  69  5:42  Stalker  
  63  5:44  Probe x2  
  63  6:05  Stalker x4  
  71  6:11  Probe  
  71  6:12  Probe  
  69  6:26  Probe x2  
  69  6:29  Stalker x2  
  73  6:34  Stalker  
  71  6:38  Probe x2  
Show
View Real Time Build Order
Export as new Build Order

Maru Terran 

Build Orders:  

Get SALT Encoding   

  12  0:00  SCV  
  13  0:12  SCV  
  14  0:17  Supply Depot  
  14  0:24  SCV  
  15  0:39  SCV, Barracks  
  16  0:45  Refinery  
  16  0:51  SCV  
  17  0:59  Refinery  
  17  1:03  SCV  
  18  1:15  SCV  
  19  1:28  Reaper, Orbital Command  
  20  1:45  Factory  
  20  1:50  Supply Depot  
  20  1:53  SCV  
  21  2:00  Reaper  
  22  2:05  SCV  
  23  2:17  SCV  
  24  2:29  Command Center  
  24  2:32  Hellion  
  24  2:35  SCV  
  27  2:43  Barracks Reactor  
  27  2:47  SCV  
  28  2:51  Starport  
  28  2:59  SCV  
  28  3:01  Supply Depot  
  28  3:02  Widow Mine  
  31  3:14  SCV  
  31  3:24  Marine x2  
  31  3:26  SCV  
  32  3:30  Widow Mine  
  32  3:32  Medivac  
  35  3:38  SCV  
  36  3:42  Marine x2  
  35  3:50  SCV  
  35  3:54  Orbital Command  
  36  3:56  Factory Tech Lab  
  36  4:00  Marine  
  36  4:02  SCV  
  38  4:14  SCV  
  39  4:18  Marine  
  39  4:22  Factory Tech Lab  
  39  4:23  SCV  
  41  4:25  Raven  
  41  4:26  SCV  
  41  4:30  Bunker  
  44  4:32  Barracks  
  44  4:35  SCV  
  45  4:39  SCV  
  45  4:45  Siege Tank  
  49  4:47  SCV  
  49  4:48  Supply Depot  
  49  4:51  SCV, Refinery  
  51  4:59  SCV  
  52  5:03  SCV  
  53  5:11  SCV  
  52  5:15  SCV  
  52  5:17  Supply Depot, Siege Tank  
  52  5:18  Supply Depot  
  56  5:21  Marine x2  
  56  5:24  SCV  
  56  5:25  Barracks  
  56  5:27  SCV  
  60  5:30  Engineering Bay, Marine  
  60  5:31  Stimpack  
  61  5:36  SCV  
  61  5:39  SCV  
  61  5:41  Medivac, Marine  
  66  5:48  Supply Depot, SCV  
  67  5:51  SCV  
  59  5:58  Siege Tank  
  59  6:00  SCV  
  59  6:03  SCV  
  60  6:05  Marine  
  55  6:12  SCV  
  55  6:15  SCV  
  55  6:16  Marine x2  
  52  6:23  Marine  
  52  6:24  SCV  
  49  6:27  SCV  
  35  6:36  SCV  
  29  6:40  SCV  
  29  6:48  SCV  
Tags
 
Add a new tag
Caveats
  • Supply blocks, unpowered buildings, or Contaminate may cause inaccurate times.
  • Supply counts are checked every 10 seconds.